 Dungeon Sprint DCSS version 0.30.1 (webtiles) character file.

Game seed: 16871714992773762610

138 boopmooplesden the Fighter (level 7, -1/106 HPs)
             Began as a Green Draconian Berserker on July 4, 2023.
             Was a High Priest of Trog.
             Slain by an orange demon (10 damage)
             ... in the Dungeon (Sprint VI: "Thunderdome").
             The game lasted 00:02:44 (342 turns).

boopmooplesden the Fighter (DrBe)                    Turns: 342, Time: 00:02:46

Health: -1/106     AC:  6    Str: 22    XL:     7   Next: 1%
Magic:  7/7        EV: 15    Int: 10    God:    Trog [*****.]
Gold:   265        SH:  0    Dex: 12    Spells: 6/6 levels left

rFire   + . .        o - +3 bardiche (flame)
rCold   + + .        (shield currently unavailable)
rNeg    + + .        (body armour unavailable)
rPois   +            (helmet restricted)
rElec   .            (no cloak)
rCorr   .            (no gloves)
SInv    .            (no boots)
Will    +....        m - amulet "Xommip Zoid" {Faith Harm rN++ Dex+2} Stlth
                     l - ring of Egerum {Contam rPois rF+ rC+}
HPRegen 0.37/turn    n - ring of Beabix {rC+ Will+ Int+3}
MPRegen 0.10/turn

%: no teleportation, harm (+30% outgoing, +20% incoming), faith
@: berserking, spiked, very quick
A: breathe noxious fumes, AC +6, unfitting armour, poison resistance,
cold-blooded
a: Breathe Noxious Fumes, Renounce Religion, Berserk, Trog's Hand, Brothers in
Arms


You were in the Dungeon.
You worshipped Trog.
Trog was extremely pleased with you.
You visited 1 branch You collected 400 gold pieces.
You spent 135 gold pieces at shops.

Inventory:

Hand Weapons
 a - a +0 spear
 o - a +3 bardiche of flaming (weapon)
Jewellery
 l - the ring of Egerum (left hand) {Contam rPois rF+ rC+}
   (You bought it in a shop in the Dungeon)

   [ring of poison resistance]

   rF:        It protects you from fire.
   rC:        It protects you from cold.
   rPois:     It protects you from poison.
   Contam:    It causes magical contamination when unequipped.
 m - the amulet "Xommip Zoid" (around neck) {Faith Harm rN++ Dex+2}
   (You bought it in a shop in the Dungeon)

   [amulet of faith]

   It allows you to gain divine favour quickly.
   Dex:       It affects your dexterity (+2).
   rN:        It greatly protects you from negative energy.
   Harm:      It increases damage dealt and taken.
 n - the ring of Beabix (right hand) {rC+ Will+ Int+3}
   (You bought it in a shop in the Dungeon)

   [ring of willpower]

   Int:       It affects your intelligence (+3).
   rC:        It protects you from cold.
   Will:      It increases your willpower.
Wands
 i - a wand of acid (5)
 j - a wand of iceblast (5)
Scrolls
 g - 4 scrolls of blinking
 k - 3 scrolls of fog
Potions
 b - a potion of curing
 c - 2 potions of heal wounds
 d - 4 potions of haste
 e - 2 potions of magic
 f - a potion of berserk rage
 h - a potion of resistance


   Skills:
 + Level 9.7 Fighting
 + Level 9.5 Polearms
 + Level 8.5 Dodging


You had 6 spell levels left.
You didn't know any spells.
Your spell library was empty.

Dungeon Overview and Level Annotations

Branches:
Dungeon (1/1)

Altars:
Cheibriados
Dithmenos
Fedhas
Gozag
Kikubaaqudgha
Makhleb
Okawaru
Qazlal
Ru
Sif Muna
Trog
Uskayaw
Vehumet
Wu Jian
Xom
Yredelemnul
Zin
The Shining One
Lugonu

Shops:
D *[??*?*:[((!!!!


Innate Abilities, Weirdness & Mutations

You can breathe blasts of noxious fumes.
Your lurid green scales are hard. (AC +6)
You cannot fit into any form of body armour.
Your system is resistant to poisons. (rPois)
You are cold-blooded and may be slowed by cold attacks.


Message History

You feel yourself moving faster!
You feel mighty! The red devil closely misses you.
The orange demon stings you but does no damage.
The barbs in your skin will harm you if you move.
Continue? [Y]es or [N]o only, please.
The barbs in your skin will harm you if you move.
Continue? [Y]es or [N]o only, please.
The barbs in your skin will harm you if you move.
Continue? [Y]es or [N]o only, please.
The barbs in your skin will harm you if you move.
Continue? [Y]es or [N]o only, please.
The barbs in your skin will harm you if you move.
Continue?
The barbed spikes dig painfully into your body as you move.
You feel a strong urge to attack something.
You slice the orange demon!! You burn the orange demon!
The orange demon is almost dead.
The red devil misses you.
The red devil hits you with a +2 demon trident of electrocution!
Barbed spikes become lodged in your body.
You are electrocuted!
The orange demon stings you but does no damage.
The orange demon hits you.
You barely miss the orange demon.
Your tail-slap misses the orange demon.
The orange demon is almost dead.
The red devil hits you from afar with a +0 trident!
Barbed spikes become lodged in your body.
The red devil hits you with a +2 demon trident of electrocution!!
* * * LOW HITPOINT WARNING * * *
Barbed spikes become lodged in your body.
The orange demon stings you.
* * * LOW HITPOINT WARNING * * *
The orange demon closely misses you.
A hellwing comes into view.
You closely miss the orange demon.
The hellwing gives a chilling moan.
Your tail-slap misses the orange demon.
The orange demon is almost dead.
The red devil completely misses you. The red devil misses you.
The orange demon stings you!
You die...

##.....## ##∩.....∩##
#∩.......∩# #_......._#
#_........# #_......._#
###.........### #⌠....†...4..§#
######.8......@448.######
##.._.......###.......__∩##
##∩........8.# #.8........∩###
.††..†..†....###.............##
..........###...###.[........⌠#
..........# #.<.# #..........⌠#
.........[###...###..÷.4.....⌠#
.............###.............##
##∩........8.# #.8........∩###


You could see an orange demon, a hellwing and 2 red devils.

Vanquished Creatures
  Sigmund (D)
  A scorpion (D)
  6 vampire bats (D)
  Jessica (D)
  Terence (D)
  A river rat (D)
  A ball python (D)
  3 quokkas (D)
  2 rats (D)
17 creatures vanquished.

Notes
Turn   | Place    | Note
-------+----------+-------------------------------------------
     0 | D        | boopmooplesden the Draconian Berserker began the quest for
                  | the Orb.
     0 | D        | Reached XP level 1. HP: 19/19 MP: 1/1
     0 | D        | Found a stormy altar of Qazlal.
     4 | D        | Found a hide-covered altar of Uskayaw.
     4 | D        | Found a shadowy altar of Dithmenos.
     5 | D        | Found a shimmering blue altar of Sif Muna.
     5 | D        | Round 1.
     6 | D        | Found a bloodstained altar of Trog.
     6 | D        | Found Horreser's Identification Station.
     7 | D        | Found Loggid's Jewellery.
     7 | D        | Found Uryubrow's Advanced Armour.
    16 | D        | Bought a vibrating golden ring for 45 gold pieces
    16 | D        | Identified the ring of Egerum {Contam rPois rF+ rC+} (You
                  | bought it in a shop in the Dungeon)
    16 | D        | Bought a brightly glowing ruby amulet for 45 gold pieces
    16 | D        | Identified the amulet "Xommip Zoid" {Faith Harm rN++ Dex+2}
                  | (You bought it in a shop in the Dungeon)
    16 | D        | Bought a flickering marble ring for 45 gold pieces
    16 | D        | Identified the ring of Beabix {rC+ Will+ Int+3} (You bought
                  | it in a shop in the Dungeon)
    23 | D        | Noticed Sigmund
    26 | D        | Found a burning altar of Makhleb.
    30 | D        | Found a shimmering altar of Xom.
    31 | D        | Found an opulent altar of Gozag.
    38 | D        | Noticed a scorpion
    42 | D        | Killed Sigmund
    43 | D        | Reached XP level 2. HP: 7/34 MP: 2/2
    43 | D        | Reached XP level 3. HP: 8/39 MP: 3/3
    43 | D        | Reached XP level 4. HP: 10/47 MP: 4/4
    43 | D        | Reached XP level 5. HP: 11/52 MP: 5/5
    47 | D        | Noticed Jessica
    51 | D        | Reached ** piety under Trog
    55 | D        | Found a glowing silver altar of Zin.
    56 | D        | Found an ancient bone altar of Kikubaaqudgha.
    56 | D        | Found a basalt altar of Yredelemnul.
    56 | D        | Found Yban's Premium Goods.
    56 | D        | Found Foynojui's Weapon Rack.
    62 | D        | Killed Jessica
    63 | D        | Found Ogumog's Miscellaneous Merchandise.
    63 | D        | Found Fadix's Basic Armour.
    65 | D        | Found a snail-covered altar of Cheibriados.
    66 | D        | Found an iron altar of Okawaru.
    67 | D        | Found an ornate altar of the Wu Jian Council.
    69 | D        | Found Ibbuhun's Do-It-Yourself Clinic.
    70 | D        | Found Fywof's Bottled Wisdom.
    70 | D        | Found Usmokka's Distillery.
    70 | D        | Found a sacrificial altar of Ru.
    70 | D        | Found a corrupted altar of Lugonu.
    70 | D        | Found Saloemn's Distillery.
    71 | D        | Noticed Terence
    75 | D        | Reached *** piety under Trog
    83 | D        | Killed Terence
    83 | D        | Arena points: 12 (+12) [x2]
    84 | D        | Reached XP level 6. HP: 11/62 MP: 6/6
    84 | D        | Found a radiant altar of Vehumet.
   100 | D        | Round 2.
   137 | D        | Reached **** piety under Trog
   162 | D        | Found a blossoming altar of Fedhas.
   163 | D        | Found Macro's Staff Store.
   164 | D        | Found Bomu's Must-Have Magic.
   164 | D        | Found Cuelot's Magic Scroll Shop.
   165 | D        | Found a glowing golden altar of the Shining One.
   165 | D        | Found Ysontu's Magic Scroll Shop.
   234 | D        | Arena points: 54 (+42) [x3]
   258 | D        | Round 3.
   270 | D        | Reached ***** piety under Trog
   290 | D        | Received a gift from Trog
   297 | D        | Arena points: 138 (+84) [x4]
   298 | D        | Your scales start taking on a lurid green colour.
   298 | D        | Reached XP level 7. HP: 70/71 MP: 7/7
   298 | D        | Gained mutation: Your system is resistant to poisons.
                  | (rPois) [Green Draconian growth]
   334 | D        | Round 4.
   335 | D        | Noticed a red devil
   335 | D        | Noticed a red devil
   335 | D        | Noticed an orange demon
   341 | D        | Noticed a hellwing
   342 | D        | Slain by an orange demon

Illustrated notes

Levels and vault maps discovered:
D:        arena_sprint

Skill      XL: |  1  2  3  4  5  6 |
---------------+-------------------+-----
Fighting       | 7 8 9 |  9.7
Polearms       | 6 7 9 |  9.5
Dodging        | 6 7 8 |  8.5

Action                     |  1- 3 |  4- 6 |  7- 9 || total
---------------------------+-------+-------+-------++-------
  Melee: Spear             |     8 |    63 |       ||    71
         Tailslap          |     1 |     4 |       ||     5
         Punch             |     1 |       |       ||     1
         Bardiche          |       |       |     3 ||     3
 Invoke: Berserk           |     1 |     1 |     1 ||     3
         Trog's Hand       |       |     1 |       ||     1
    Use: Potion            |       |     2 |       ||     2
 Armour: Skin              |       |    15 |     2 ||    17
  Dodge: Dodged            |       |    46 |     5 ||    51
